 Dungeon Crawl Stone Soup version 0.31-a0-496-g6f97920a28 (webtiles) character file.

Game seed: 14094014922035588730

155 randomguy2701 the Stinger (level 5, 0/31 HPs)
             Began as an Octopode Venom Mage on Aug 8, 2023.
             Slain by Natasha (10 damage)
             ... on level 3 of the Dungeon.
             The game lasted 00:03:35 (3030 turns).

randomguy2701 the Stinger (Octopode Venom Mage)     Turns: 3030, Time: 00:03:36

Health: 0/31       AC:  1    Str:  8    XL:     5   Next: 37%
Magic:  7/9        EV: 13    Int: 19    God:
Gold:   105        SH:  5    Dex: 12    Spells: 9/10 levels left

rFire   . . .        (no weapon)
rCold   . . .        (no shield)
rNeg    . . .        (helmet restricted)
rPois   .            i - amulet of reflection
rElec   .            (no ring)
rCorr   .            (no ring)
SInv    .            (no ring)
Will    .....        (no ring)
Stlth   +++          (no ring)
HPRegen 0.25/turn    (no ring)
MPRegen 0.11/turn    (no ring)
                     (no ring)

%: reflection
@: slowed, very slow
A: almost no armour, amphibious, 8 rings, camouflage 1, gelatinous body 1,
(nimble swimmer 1), tentacles
a: no special abilities


You were on level 3 of the Dungeon.
You visited 1 branch of the dungeon, and saw 3 of its levels.

You collected 105 gold pieces.

Inventory:

Jewellery
 i - an amulet of reflection (around mantle)
Scrolls
 b - a scroll of silence {unknown}
 c - 4 scrolls of identify {unknown}
 g - a scroll of amnesia {unknown}
 h - a scroll of enchant weapon {unknown}
 l - 2 scrolls of fog {unknown}
Potions
 a - a potion of magic
 d - a potion of lignification {unknown}
 e - a potion of attraction {unknown}
 f - 2 potions of curing {unknown}
 j - a potion of enlightenment {unknown}
 k - a potion of mutation {unknown}
 m - a potion of haste {unknown}


   Skills:
 + Level 0.2 Fighting
 + Level 2.4 Dodging
 + Level 3.3 Stealth
 + Level 3.3 Spellcasting
 + Level 2.5 Transmutations
 + Level 4.6 Poison Magic


You had 9 spell levels left.
You knew the following spells:

 Your Spells              Type           Power      Damage    Failure   Level
a - Sting                 Tmut/Pois      64%        1d6       3%          1

Your spell library contained the following spells:

 Spells                   Type           Power      Damage    Failure   Level
 Wereblood                Tmut           12%        N/A       8%          2
 Poisonous Vapours        Pois/Air       22%        N/A       9%          2
 Summon Small Mammal      Summ           12%        N/A       16%         1
 Olgreb's Toxic Radiance  Pois           20%        N/A       22%         4
 Mephitic Cloud           Conj/Pois/Air  8%         N/A       24%         3
 Call Canine Familiar     Summ           3%         N/A       41%         3
 Hailstorm                Conj/Ice       3%         3d3       41%         3
 Summon Guardian Golem    Hex/Summ       3%         N/A       41%         3
 Summon Ice Beast         Ice/Summ       3%         N/A       83%         4
 Irradiate                Conj/Tmut      3%         3d12      94%         5
 Simulacrum               Ice/Necr       1%         N/A       100%        6


Dungeon Overview and Level Annotations

Branches:
Dungeon (3/15)

Altars:
Uskayaw

Annotations:
D:3 Natasha


Innate Abilities, Weirdness & Mutations

You cannot wear most types of armour.
You are amphibious.
You can wear up to eight rings at the same time.
Your skin changes colour to match your surroundings (Stealth+).
Your rubbery body absorbs attacks. (AC +1, EV +1)
((You are camouflaged when in or above water. (Stealth+)))
You have tentacles for arms and can constrict up to eight enemies at once.


Message History

You open the door.
There is an open door here.
There is an open door here.
There is an open door here.
There is an open door here.
There is an open door here.
Natasha is nearby!
Natasha is nearby!
Natasha is nearby!
Natasha is nearby!
You see here a +0 club.
You can't see any susceptible monsters within range! (Use Z to cast anyway.)
You can't see any susceptible monsters within range! (Use Z to cast anyway.)
There is an open door, spattered with blood here.
No target in view!
No target in view!
No target in view!
Natasha stares at you and mumbles some strange words.
You feel yourself slow down.
Natasha casts a spell. x2
The sting hits the cerulean imp.
The cerulean imp partially resists.
The cerulean imp is lightly wounded.
The cerulean imp barely misses you.
The sting hits the cerulean imp.
The cerulean imp is poisoned.
The cerulean imp is lightly wounded.
Natasha claws you. The cerulean imp closely misses you.
The cerulean imp hits you with a +0 spear.
Natasha howls an incantation.
Natasha glows brightly for a moment.
Natasha claws you!
The cerulean imp hits you from afar with a +2 spear.
The cerulean imp misses you.
You barely miss Natasha. You grab Natasha. Your squeeze misses Natasha.
You constrict Natasha. You block Natasha's attack.
You block the cerulean imp's attack.
The cerulean imp hits you with a +0 spear.
You tentacle-slap Natasha but do no damage.
Natasha is lightly wounded.
You constrict Natasha. Natasha claws you!
You die...

#.########.........
................... #######
#####'####......... #.(...######
###.....###..#.#### #...........
##.....####..#.#######...........
#.....###.#....##......##.#......
.....###..#............#.........
....###..)'รท.....................
#'####....#.....@h.......#.......
....#.....#......55.....###.###.#
....#...[##.........<...# #.# #.#
....'...###.............# #.###.#
....#..####.)...........# #..##.#
....#.###.#............## ##.##.#
#'######..#....#......## #.##.#
....###..)'.#.###...### ##.##.#
...###....#.#.# ###.#######......


You could see Natasha and 2 cerulean imps.

Vanquished Creatures
  Natasha (twice) (D:3)
  3 adders
  An ufetubus (D:3)
  A dart slug (D:1)
  3 orcs (D:3)
  7 ball pythons
  7 endoplasms
  2 giant cockroaches
  6 goblins
  6 hobgoblins
  4 jackals
  3 quokkas (D:3)
  7 bats
  3 frilled lizards
  4 kobolds
  7 rats
66 creatures vanquished.

Notes
Turn   | Place    | Note
-------+----------+-------------------------------------------
     0 | D:1      | randomguy2701 the Octopode Venom Mage began the quest for
                  | the Orb.
     0 | D:1      | Reached XP level 1. HP: 11/11 MP: 3/3
   287 | D:1      | Reached skill level 4 in Poison Magic
   287 | D:1      | Reached XP level 2. HP: 17/17 MP: 1/5
   787 | D:1      | Reached XP level 3. HP: 20/21 MP: 1/6
  1661 | D:2      | Found a hide-covered altar of Uskayaw.
  1724 | D:2      | Reached XP level 4. HP: 27/27 MP: 4/7
  2220 | D:3      | Noticed Natasha
  2229 | D:3      | Killed Natasha
  2500 | D:3      | Reached XP level 5. HP: 31/31 MP: 4/9
  2627 | D:3      | Noticed Natasha
  2639 | D:3      | Killed Natasha
  2656 | D:3      | Noticed Natasha
  3030 | D:3      | Slain by Natasha

Illustrated notes

Levels and vault maps discovered:
D:1:      dpeg_arrival_solitude, layout_loops_corners, corexii_leaking_fountain,
          chequers_mini_garden
D:2:      layout_basic, basic_altar, minmay_heptomino_h4
D:3:      layout_rooms, minmay_quadrilaterals, uniq_natasha

Skill      XL: |  1  2  3  4 |
---------------+-------------+-----
Poison Magic   | 4 |  4.6
Stealth        | 3 |  3.3
Spellcasting   | 3 |  3.3
Transmutations | 2 |  2.5
Fighting       | |  0.2
Dodging        | |  2.4

Action                     |  1- 3 |  4- 6 || total
---------------------------+-------+-------++-------
  Melee: Unarmed           |    19 |    11 ||    30
         Constrict         |     6 |     3 ||     9
         Tentacles         |     4 |     3 ||     7
         Punch             |       |     2 ||     2
   Cast: Sting             |    81 |    64 ||   145
 Armour: Skin              |    15 |     2 ||    17
  Dodge: Dodged            |    62 |    24 ||    86
  Block: Other             |       |     8 ||     8

Table legend: (Time is in decaauts)
 A = Elapsed time spent in this place.
 B = Non-inter-level travel time spent in this place.
 C = Inter-level travel time spent in this place.
 D = Time resting spent in this place.
 E = Time spent auto-exploring this place.
 F = Levels seen in this place.
 G = Mean time per level.
                   A        B        C        D        E       F      G
               +--------+--------+--------+--------+--------+-----+--------+
         Total |   3034 |   2975 |     59 |      0 |   2537 |   3 | 1011.3 |
       Dungeon |   3034 |   2975 |     59 |      0 |   2537 |   3 | 1011.3 |
               +--------+--------+--------+--------+--------+-----+--------+

Top non-repeatable levels by time:
     D:1: 1421 daAuts
     D:3: 924 daAuts
     D:2: 688 daAuts
